 Dungeon Crawl Stone Soup version 0.29.1-2-gbd0b4ee654 (webtiles) character file.

Game seed: 14935544922577862058

151 GorkyZ the Shield-Bearer (level 5, 0/53 HPs)
             Began as a Troll Fighter on Nov 17, 2022.
             Slain by a scorpion (6 damage)
             ... on level 4 of the Dungeon.
             The game lasted 00:14:17 (1975 turns).

GorkyZ the Shield-Bearer (Troll Fighter)            Turns: 1975, Time: 00:14:17

Health: 0/53       AC:  4    Str: 26    XL:     5   Next: 11%
Magic:  4/4        EV:  9    Int:  4    God:
Gold:   166        SH:  7    Dex:  9    Spells: 4/4 levels left

rFire   . . .      SeeInvis .   a - +0 flail
rCold   . . .      Faith    .   c - +0 kite shield
rNeg    . . .      Spirit   .   b - +0 robe
rPois   .          Reflect  .   (helmet restricted)
rElec   .          Harm     .   (no cloak)
rCorr   .          Rampage  .   (gloves unavailable)
Will    .....                   (boots unavailable)
Stlth   +.........              (no amulet)
HPRegen 0.97/turn               (no ring)
MPRegen 0.09/turn               (no ring)

@: lethally poisoned (0 -> -3)
A: large, unfitting armour, claws 3, regeneration 1, shaggy fur 1, tough skin 1,
evolution 1
a: no special abilities


You were on level 4 of the Dungeon.
You visited 1 branch of the dungeon, and saw 5 of its levels.

You collected 166 gold pieces.

Inventory:

Hand Weapons
 a - a +0 flail (weapon)
 t - a +4 short sword
Missiles
 j - 3 throwing nets (quivered)
 s - 5 poisoned darts
Armour
 b - a +0 robe (worn)
 c - a +0 kite shield (worn)
 u - a +0 animal skin
Magical Staves
 p - a staff of earth
Scrolls
 e - a scroll of teleportation {unknown}
 f - a scroll of immolation {unknown}
 g - a scroll of blinking {unknown}
 k - a scroll of magic mapping {unknown}
 n - a scroll of fog {unknown}
 o - a scroll of noise {unknown}
 q - a scroll of poison {unknown}
 r - 2 scrolls of enchant weapon {unknown}
Potions
 d - 3 potions of might
 h - 4 potions of curing
 m - 2 potions of lignification
 v - a potion of berserk rage


   Skills:
 + Level 3.2 Fighting
 + Level 2.8 Maces & Flails
 + Level 3.1 Dodging
 + Level 3.5 Shields


You had 4 spell levels left.
You didn't know any spells.
Your spell library contained the following spells:

 Spells                   Type           Power      Damage    Failure   Level
 Apportation              Tloc           0%         N/A       80%         1
 Necrotise                Necr           0%         1d4       80%         1
 Summon Small Mammal      Summ           0%         N/A       80%         1
 Dazzling Flash           Conj/Hex       0%         N/A       99%         3
 Ozocubu's Armour         Ice            0%         N/A       99%         3
 Agony                    Necr           0%         N/A       100%        5
 Silence                  Hex/Air        0%         N/A       100%        5
 Ozocubu's Refrigeration  Ice            0%         4d7       100%        7


Dungeon Overview and Level Annotations

Branches:
Dungeon (5/15)
 Temple: D:4-7

Altars:
Elyvilon
Ru
The Shining One

Shops:
D:2 [

Annotations:
D:3 2 transporters


Innate Abilities, Weirdness & Mutations

You are too large for most types of armour.
You have claws for hands.
Your natural rate of healing is unusually fast.
You are covered in fur. (AC +1)
You have tough skin. (AC +1)
You have hidden genetic potential.


Message History

The scorpion stings you.
You are more poisoned.
The scorpion poisons you!
You hit the scorpion.
The scorpion is moderately wounded.
You feel very sick. You block the kobold's attack.
You block the scorpion's attack.
The kobold hits you with a +0 short sword.
You hit the scorpion but do no damage.
The scorpion is moderately wounded.
You feel very sick. The scorpion misses you.
The kobold hits you with a +0 short sword.
The scorpion barely misses you.
You are too injured to fight recklessly!
You are too injured to fight recklessly!
You feel very sick.
You feel sick.
The kobold hits you with a +0 short sword.
The kobold attacks as you move away! The kobold hits you but does no damage.
You feel sick. The scorpion stings you.
You are too injured to fight recklessly!
You are too injured to fight recklessly!
You are too injured to fight recklessly!
You are too injured to fight recklessly!
You barely miss the scorpion.
The scorpion is moderately wounded.
You feel sick. The scorpion stings you.
You are more poisoned.
The scorpion poisons you!
The kobold hits you with a +0 short sword.
You hit the scorpion.
The scorpion is heavily wounded.
You feel very sick. The scorpion stings you.
* * * LOW HITPOINT WARNING * * *
The kobold hits you with a +0 short sword.
* * * LOW HITPOINT WARNING * * *
The scorpion stings you.
You die...

..................
..................
..................
..................
..................
..................
$.........J.......
.........sK.......
##########@#######
........#
........#
######.## #. ##


You could see a scorpion, an endoplasm and a kobold.

Vanquished Creatures
  Natasha (twice) (D:3)
  Robin (D:3)
  3 adders
  2 dart slugs
  9 endoplasms
  2 giant cockroaches (D:1)
  10 goblins
  5 hobgoblins
  3 jackals (D:2)
  5 quokkas
  A ball python (D:1)
  6 bats
  3 frilled lizards
  3 kobolds
  A rat (D:3)
56 creatures vanquished.

Vanquished Creatures (others)
  A fungus (D:2)
1 creature vanquished.

Grand Total: 57 creatures vanquished

Notes
Turn   | Place    | Note
-------+----------+-------------------------------------------
     0 | D:1      | GorkyZ the Troll Fighter began the quest for the Orb.
     0 | D:1      | Reached XP level 1. HP: 22/22 MP: 0/0
    62 | D:1      | Reached XP level 2. HP: 26/29 MP: 1/1
   608 | D:1      | Found a faded altar of an unknown god.
   725 | D:2      | Reached XP level 3. HP: 17/36 MP: 2/2
   767 | D:2      | Found Viuc's Antique Armour Shoppe.
  1378 | D:3      | Found a transporter.
  1388 | D:3      | Found a transporter.
  1638 | D:3      | Found a white marble altar of Elyvilon.
  1666 | D:3      | Found a glowing golden altar of the Shining One.
  1667 | D:3      | Noticed Natasha
  1674 | D:3      | Killed Natasha
  1675 | D:3      | Reached XP level 4. HP: 45/45 MP: 3/3
  1682 | D:3      | Found a sacrificial altar of Ru.
  1717 | D:3      | Noticed Robin
  1742 | D:3      | Killed Robin
  1824 | D:3      | Noticed Natasha
  1865 | D:3      | Killed Natasha
  1866 | D:3      | Reached XP level 5. HP: 37/53 MP: 4/4
  1894 | D:3      | Gained mutation: You have hidden genetic potential. [potion
                  | of mutation]
  1919 | D:3      | You fall into a shaft and drop 2 floors!
  1919 | D:5      | Entered Level 5 of the Dungeon
  1975 | D:4      | Slain by a scorpion

Illustrated notes

Levels and vault maps discovered:
D:1:      erik_arrival_blinker_ship, layout_loops_ring,
          dreamdust_ecumenical_altar_angels_and_demons, minmay_box_of_dots
D:2:      layout_basic, serial_shops, nicolae_shop_stone,
          dreamdust_mushroom_princess
D:3:      gammafunk_steamed_eel, layout_loops_ring,
          minmay_overflow_temple_star_quad, uniq_robin, uniq_natasha
D:4:      layout_basic, nicolae_vehumet_altar_sigil,
          nicolae_overflow_hallway_of_the_gods, minmay_misc_feat_rows,
          uniq_eustachio, uniq_edmund
D:5:      layout_loops_corners, mainiacjoe_overflow_boulevard, uniq_sigmund

Skill      XL: |  1  2  3  4 |
---------------+-------------+-----
Maces & Flails | 2 |  2.8
Shields        | 3 |  3.5
Fighting       | 3 |  3.2
Dodging        | 3 |  3.1

Action                   |  1- 3 |  4- 6 || total
-------------------------+-------+-------++-------
Melee: Flail             |   158 |    91 ||   249
  Use: Scroll            |       |     4 ||     4
       Potion            |       |     1 ||     1
Armor: Robe              |    62 |    48 ||   110
Dodge: Dodged            |    82 |    61 ||   143
Block: Kite shield       |    73 |    60 ||   133
